 Dungeon Crawl Stone Soup version 0.28-a0-850-g09de17f (webtiles) character file.

Game seed: 4415977332970582812

657 Meow the Frost Mage (level 7, 56/56 HPs)
             Began as a Naga Ice Elementalist on Nov 13, 2021.
             Quit the game on level 5 of the Dungeon.
             The game lasted 00:12:25 (3423 turns).

Meow the Frost Mage (Naga Ice Elementalist)         Turns: 3423, Time: 00:12:25

Health: 56/56      AC:  3    Str: 11    XL:     7   Next: 55%
Magic:  10/13      EV:  9    Int: 17    God:
Gold:   168        SH:  0    Dex: 11    Spells: 4/14 levels left

rFire   + . .      SeeInvis +   a - +1 long sword
rCold   . . .      Faith    .   (no shield)
rNeg    . . .      Spirit   .   k - +0 robe
rPois   +          Reflect  .   (no helmet)
rElec   .          Harm     .   (no cloak)
rCorr   .          Rampage  .   (no gloves)
Will    .....                   (no barding)
Stlth   ++........              d - amulet of regeneration
HPRegen 1.18/turn               x - ring of protection from fire
MPRegen 0.13/turn               (no ring)

@: freezing walls, very slow
A: AC +2, large, see invisible, deformed body, poison resistance, slowness 2,
spit poison 1, naga tail 1
a: Spit Poison


You were on level 5 of the Dungeon.
You visited 1 branch of the dungeon, and saw 5 of its levels.

You collected 168 gold pieces.

Inventory:

Hand Weapons
 a - a +1 long sword (weapon)
Missiles
 l - 37 bolts
 n - 38 sling bullets
 q - 127 stones
 r - 43 arrows
 w - 5 silver boomerangs
Armour
 k - a +0 robe (worn)
Jewellery
 d - an amulet of regeneration (around neck)
 v - a ring of flight
 x - a ring of protection from fire (left hand)
Scrolls
 b - 3 scrolls of enchant weapon
 c - 2 scrolls of immolation
 e - a scroll of blinking {unknown}
 m - a scroll of torment {unknown}
 p - a scroll of magic mapping {unknown}
 t - a scroll of teleportation {unknown}
 u - a scroll of summoning
 y - a scroll of enchant armour {unknown}
 z - a scroll of fog {unknown}
 A - a scroll of holy word {unknown}
Potions
 f - a potion of magic
 g - 3 potions of attraction
 h - 2 potions of ambrosia {unknown}
 i - 2 potions of lignification
 j - 2 potions of mutation {unknown}
 o - a potion of invisibility {unknown}
 s - 2 potions of heal wounds {unknown}


   Skills:
 + Level 0.9 Fighting
 - Level 0.3 Long Blades
 - Level 1.5 Dodging
 - Level 3.0 Stealth
 - Level 4.0 Spellcasting
 - Level 8.0 Ice Magic


You had 4 spell levels left.
You knew the following spells:

 Your Spells              Type           Power      Damage    Failure   Level
a - Freeze                Ice            100%       1d11      1%          1
c - Mephitic Cloud        Conj/Pois/Air  3%         N/A       43%         3
e - Ozocubu's Armour      Ice            30%        N/A       1%          3
f - Frozen Ramparts       Ice            60%        1d8       1%          3

Your spell library contained the following spells:

 Spells                   Type           Power      Damage    Failure   Level
 Hailstorm                Conj/Ice       17%        3d6       30%         4
 Ignite Poison            Fire/Tmut/Pois 3%         N/A       43%         3
 Freezing Cloud           Conj/Ice/Air   6%         6-21      83%         5


Dungeon Overview and Level Annotations

Branches:
Dungeon (5/15)
 Temple: D:4-7

Altars:
The Shining One


Innate Abilities, Weirdness & Mutations

Your serpentine skin is tough. (AC +2)
You have supernaturally acute eyesight. (SInv)
Armour fits poorly on your strangely shaped body.
Your system is resistant to poisons. (rPois)
You cover ground very slowly.
You can spit poison.
You have a snake-like lower body.


Message History

The bullfrog zombie is heavily damaged.
The bullfrog zombie hits you. The bullfrog zombie barely misses you.
You hit the bullfrog zombie.
The bullfrog zombie is severely damaged.
The bullfrog zombie barely misses you.
The bullfrog zombie hits you but does no damage.
You slash the bullfrog zombie!
The bullfrog zombie is almost destroyed.
The bullfrog zombie hits you but does no damage.
You slash the bullfrog zombie!
You destroy the bullfrog zombie!
HP restored.
You hear a distant slurping noise.
q - 127 stones (gained 23)
You open the door.
There is an open door here.
A sky beast comes into view.
A sky beast is nearby!
Casting: Frozen Ramparts (safe; 1% risk of failure)
Confirm with . or Enter, or press ? or * to list all spells.
Casting: Frozen Ramparts (safe; 1% risk of failure)
Press: ? - help, Dir - look around, f - activate The walls around you are covered in ice.
The wall freezes the sky beast!
The sky beast hits you but does no damage.
Unknown command.
You slash the sky beast!
The sky beast is severely wounded.
The wall freezes the sky beast.
The sky beast flickers out of sight for a moment.
The sky beast hits you but does no damage.
The wall freezes the sky beast.
The sky beast barely misses you.
You miss the sky beast.
The sky beast is almost dead.
The wall freezes the sky beast.
You kill the sky beast!
Training target 8.0 for Ice Magic reached!
Your Ice Magic skill increases to level 8!
You need to enable at least one skill for training.
Are you sure you want to abandon this character and quit the game? (Confirm with "yes".)

######## #####
#....@.# #....
+......# #....
#......# #....
#......###########....
####+##...............
#...............
+...............
#...............
#...............


There were no monsters in sight!

Vanquished Creatures
  A sky beast (D:5)
  An ogre (D:4)
  A bullfrog zombie (D:5)
  2 orc priests (D:3)
  A bullfrog skeleton (D:3)
  A gnoll shaman (D:4)
  Jessica (D:2)
  2 orc wizards (D:3)
  3 gnolls (D:4)
  11 adders
  An adder skeleton (D:2)
  A worm (D:2)
  2 dart slugs
  20 orcs
  A bat (D:3)
  11 endoplasms
  4 giant cockroaches
  6 goblins
  6 hobgoblins
  3 kobolds
  3 quokkas
  14 ball pythons
  A frilled lizard (D:1)
  7 rats
104 creatures vanquished.

Notes
Turn   | Place    | Note
-------+----------+-------------------------------------------
     0 | D:1      | Meow the Naga Ice Elementalist began the quest for the Orb.
     0 | D:1      | Reached XP level 1. HP: 15/15 MP: 3/3
   222 | D:1      | Found a faded altar of an unknown god.
   254 | D:1      | Reached XP level 2. HP: 22/22 MP: 5/5
   496 | D:1      | Reached XP level 3. HP: 23/28 MP: 1/6
   999 | D:2      | Learned a level 3 spell: Mephitic Cloud
  1175 | D:2      | Reached skill level 5 in Ice Magic
  1209 | D:2      | Reached XP level 4. HP: 36/36 MP: 6/8
  1212 | D:2      | Noticed Jessica
  1229 | D:2      | Killed Jessica
  1345 | D:2      | Learned a level 3 spell: Frozen Ramparts
  1395 | D:2      | Reached XP level 5. HP: 42/42 MP: 5/9
  1725 | D:2      | Learned a level 3 spell: Ozocubu's Armour
  1802 | D:3      | Reached XP level 6. HP: 44/50 MP: 0/12
  2006 | D:3      | Reached skill level 6 in Ice Magic
  2771 | D:4      | Reached skill level 7 in Ice Magic
  2771 | D:4      | Reached XP level 7. HP: 43/56 MP: 5/13
  2832 | D:4      | Found a glowing golden altar of the Shining One.
  3342 | D:5      | Entered Level 5 of the Dungeon
  3423 | D:5      | Reached skill level 8 in Ice Magic
  3423 | D:5      | Quit the game

Illustrated notes

Levels and vault maps discovered:
D:1:      co_arrival_square_in_a_square_in_a_square, layout_basic,
          ebering_ecumenical_altar_mist, fountainhead,
          hangedman_decor_slide_cut, minmay_3d_cube
D:2:      layout_loops_ring, minmay_snake_closets, uniq_jessica
D:3:      layout_basic
D:4:      layout_gridville, nicolae_tso_swordbearing_angel, grunt_ministairs_5,
          minmay_crystal_water
D:5:      layout_gridville, minmay_temple_entry_tees

Skill      XL: |  1  2  3  4  5  6  7 |
---------------+----------------------+-----
Ice Magic      | 5 7 8 |  8.0
Spellcasting   | 3 4 |  4.0
Fighting       | |  0.9
Long Blades    | |  0.3
Dodging        | |  1.5
Stealth        | |  3.0

Action                   |  1- 3 |  4- 6 |  7- 9 || total
-------------------------+-------+-------+-------++-------
Melee: Unarmed           |     1 |       |       ||     1
       Long sword        |     4 |    58 |    14 ||    76
 Cast: Freeze            |    27 |    22 |       ||    49
       Frozen Ramparts   |       |    17 |     4 ||    21
 Abil: Spit Poison       |    32 |    19 |     1 ||    52
  Use: Scroll            |     5 |       |       ||     5
 Stab: Sleeping          |       |     3 |       ||     3
Armor: Robe              |     3 |    16 |     8 ||    27
Dodge: Dodged            |     7 |    41 |     8 ||    56

Table legend: (Time is in decaauts)
 A = Elapsed time spent in this place.
 B = Non-inter-level travel time spent in this place.
 C = Inter-level travel time spent in this place.
 D = Time resting spent in this place.
 E = Time spent auto-exploring this place.
 F = Levels seen in this place.
 G = Mean time per level.
                   A        B        C        D        E       F      G
               +--------+--------+--------+--------+--------+-----+--------+
         Total |   4511 |   4413 |     98 |    380 |   3218 |   5 |  902.2 |
       Dungeon |   4511 |   4413 |     98 |    380 |   3218 |   5 |  902.2 |
               +--------+--------+--------+--------+--------+-----+--------+

Top non-repeatable levels by time:
     D:1: 1212 daAuts
     D:4: 1145 daAuts
     D:2: 1130 daAuts
     D:3: 912 daAuts
     D:5: 110 daAuts
